 Dungeon Crawl Stone Soup version 0.29.1-15-g9cfb28693d (webtiles) character file.

Game seed: 8972986011918641162

768 Smoke131 the Trooper (level 7, -3/63 HPs)
             Began as a Minotaur Fighter on Feb 24, 2023.
             Killed by nerve-wracking pain
             ... invoked by an orc priest
              (14 damage)
             ... on level 5 of the Dungeon.
             The game lasted 00:10:59 (4343 turns).

Smoke131 the Trooper (Minotaur Fighter)             Turns: 4343, Time: 00:10:59

Health: -3/63      AC: 10    Str: 23    XL:     7   Next: 52%
Magic:  6/6        EV:  7    Int:  5    God:
Gold:   228        SH:  5    Dex:  9    Spells: 6/6 levels left

rFire   . . .      SeeInvis .   a - +0 flail
rCold   . . .      Faith    .   c - +0 buckler
rNeg    . . .      Spirit   .   s - +0 chain mail
rPois   .          Reflect  .   (helmet restricted)
rElec   .          Harm     .   (no cloak)
rCorr   .          Rampage  .   (no gloves)
Will    .....                   (no boots)
Stlth   ..........              (no amulet)
HPRegen 0.20/turn               (no ring)
MPRegen 0.10/turn               (no ring)

@: no status effects
A: horns 2, retaliatory headbutt
a: no special abilities


You were on level 5 of the Dungeon.
You visited 1 branch of the dungeon, and saw 5 of its levels.
You also visited: Ossuary.

You collected 228 gold pieces.

Inventory:

Hand Weapons
 a - a +0 flail (weapon)
Missiles
 r - 2 throwing nets (quivered)
Armour
 c - a +0 buckler (worn)
 s - a +0 chain mail (worn)
Jewellery
 o - a ring of see invisible
 q - a +4 ring of protection
 y - a ring of wizardry
Wands
 x - a wand of flame (25)
Scrolls
 b - a scroll of butterflies {unknown}
 d - a scroll of enchant armour {unknown}
 e - 3 scrolls of immolation {unknown}
 f - a scroll of vulnerability {unknown}
 h - a scroll of poison {unknown}
 i - a scroll of noise {unknown}
 k - 2 scrolls of teleportation {unknown}
 m - 9 scrolls of identify {unknown}
 u - a scroll of blinking {unknown}
 v - a scroll of fear {unknown}
 w - a scroll of magic mapping {unknown}
Potions
 g - a potion of lignification {unknown}
 j - 3 potions of curing {unknown}
 l - 3 potions of mutation {unknown}
 n - 2 potions of haste {unknown}
 p - a potion of heal wounds {unknown}
 t - a potion of brilliance {unknown}


   Skills:
 + Level 6.2 Fighting
 + Level 5.5 Maces & Flails
 + Level 6.2 Armour
 + Level 6.2 Shields


You had 6 spell levels left.
You didn't know any spells.
Your spell library was empty.

Dungeon Overview and Level Annotations

Branches:
Dungeon (5/15)             Temple (0/1) D:5         Ossuary (visited)

Altars:
Sif Muna
Wu Jian


Innate Abilities, Weirdness & Mutations

You have a pair of horns on your head.
You reflexively headbutt those who attack you in melee.


Message History

The orc priest mumbles some strange prayers to Beogh against you.
Beogh smites you!
The orc priest casts a cantrip, but nothing happens.
The necrophage completely misses you.
The necrophage attacks as you move away!
The necrophage hits you but does no damage.
You sock the necrophage!
The necrophage is heavily damaged.
The necrophage hits you but does no damage.
You closely miss the necrophage.
The necrophage is moderately damaged.
The necrophage hits you.
You barely miss the necrophage. Your headbutt misses the necrophage.
The necrophage is moderately damaged.
The necrophage hits you.
You feel drained.
You closely miss the necrophage. You headbutt the necrophage!
The necrophage is severely damaged.
The orc priest invokes the aid of Beogh against you.
Beogh smites you! The necrophage closely misses you. You furiously retaliate!
You headbutt the necrophage, but do no damage.
You sock the necrophage!
You destroy the necrophage!
The orc priest mumbles some strange prayers to Beogh against you.
Pain shoots through your body!
The orc priest invokes the aid of Beogh against you.
Beogh smites you!
Your life force feels restored.
The orc wizard casts a spell.
The orc wizard flickers and vanishes!
Deactivating autopickup; reactivate with Ctrl-A.
The orc priest attacks as you move away!
The orc priest hits you with a +0 whip.
The orc priest attacks as you move away!
The orc priest hits you but does no damage.
The orc priest mumbles some strange prayers to Beogh against you.
Beogh smites you!
* * * LOW HITPOINT WARNING * * *
The orc priest mumbles some strange prayers to Beogh against you.
Pain shoots through your body!
You die...

#.# #............ #.###
#...####..... ##
####...######...# #..... #.
.........##....# ##.... #.
#...##.##.#<.### #.... ##.##
#...##.##.#..#.#####.#
##...#######.#.##........#.## #.#
...#..o..#...#...###.#..###.###.#
.#..o###o{.#####@......## ##....#
.##.## ###.o.#...###.##.# #..####
.##.### ###.#.### #.#...#.#.....
..oo..# #.o.# #.#.##.#######
..###..... ##.## #.#.##.# # $[#
.###.# #.# #.#.##.# # #.# # #.#
#....#.####### #.. #.#
#............. ### #.#
##...#..######


You could see an orc priest.

Vanquished Creatures
  Menkaure (Ossuary)
  2 ogres (D:4)
  A necrophage (D:5)
  A howler monkey (D:2)
  An orc priest (D:2)
  Ijyb (D:4)
  An iguana (D:5)
  An orc wizard (D:4)
  3 mummies (Ossuary)
  7 adders
  4 gnolls (D:4)
  3 worms
  2 dart slugs
  11 orcs
  4 bats
  7 endoplasms
  7 giant cockroaches
  3 goblins
  4 hobgoblins
  4 quokkas
  5 ball pythons
  3 frilled lizards
  7 gnoll skeletons (Ossuary)
  6 gnoll zombies (Ossuary)
  4 goblin skeletons (Ossuary)
  4 goblin zombies (Ossuary)
  5 hobgoblin skeletons (Ossuary)
  5 hobgoblin zombies (Ossuary)
  7 kobolds
  2 kobold skeletons (Ossuary)
  3 kobold zombies (Ossuary)
  3 orc skeletons (Ossuary)
  3 orc zombies (Ossuary)
  A rat (D:2)
  4 rat skeletons (Ossuary)
  4 rat zombies (Ossuary)
134 creatures vanquished.

Notes
Turn   | Place    | Note
-------+----------+-------------------------------------------
     0 | D:1      | Smoke131 the Minotaur Fighter began the quest for the Orb.
     0 | D:1      | Reached XP level 1. HP: 19/19 MP: 0/0
   127 | D:1      | Reached XP level 2. HP: 27/27 MP: 1/1
   185 | D:1      | Found a faded altar of an unknown god.
   927 | D:2      | Reached XP level 3. HP: 29/33 MP: 2/2
  1280 | D:2      | Reached XP level 4. HP: 37/41 MP: 3/3
  1933 | D:3      | Found a shimmering blue altar of Sif Muna.
  2058 | D:3      | Reached XP level 5. HP: 44/47 MP: 4/4
  2080 | D:3      | Found a glowing drain.
  2106 | D:3      | Found an ornate altar of the Wu Jian Council.
  2647 | D:4      | Noticed an ogre
  2671 | D:4      | Killed an ogre
  2672 | D:4      | Reached skill level 5 in Fighting
  2672 | D:4      | Reached skill level 5 in Armour
  2672 | D:4      | Reached skill level 5 in Shields
  2672 | D:4      | Reached XP level 6. HP: 56/56 MP: 5/5
  3060 | D:4      | Found a sand-covered staircase.
  3071 | Ossuary  | Entered an ossuary
  3353 | Ossuary  | Noticed Menkaure
  3362 | Ossuary  | Killed Menkaure
  3375 | Ossuary  | Reached skill level 5 in Maces & Flails
  3391 | Ossuary  | Reached XP level 7. HP: 32/62 MP: 6/6
  3585 | D:4      | Noticed Ijyb
  3601 | D:4      | Killed Ijyb
  4011 | D:5      | Entered Level 5 of the Dungeon
  4319 | D:5      | Found a staircase to the Ecumenical Temple.
  4343 | D:5      | Killed from afar by an orc priest

Illustrated notes

Levels and vault maps discovered:
D:1:      psy_arrival_spokes, layout_basic,
          hellmonk_ecumenical_altar_slurped_away
D:2:      layout_basic, minmay_misc_feat_cross, chequers_serial_rivers_micro_a,
          nicolae_underground_beach
D:3:      layout_rooms, mainiacjoe_overflow_paths, amcnicky_altar_gilded,
          portal_sewer_entry_f
D:4:      layout_basic, enter_ossuary_1, uniq_ijyb
D:5:      layout_loops_ring, minmay_temple_entry_sparse_star, serial_shops,
          nicolae_diamond_shop

Skill      XL: |  1  2  3  4  5  6  7 |
---------------+----------------------+-----
Fighting       | 4 5 6 |  6.2
Maces & Flails | 3 4 5 |  5.5
Armour         | 4 5 6 |  6.2
Shields        | 4 5 6 |  6.2

Action                   |  1- 3 |  4- 6 |  7- 9 || total
-------------------------+-------+-------+-------++-------
Melee: Flail             |    77 |   170 |    46 ||   293
       Headbutt          |    10 |    29 |    13 ||    52
  Use: Potion            |       |     1 |       ||     1
Armor: Scale mail        |    32 |    28 |       ||    60
       Chain mail        |       |    39 |    14 ||    53
Dodge: Dodged            |    44 |    49 |     8 ||   101
Block: Buckler           |    12 |    26 |     8 ||    46
